 Dungeon Crawl Stone Soup version 0.30-a0-169-g06f667207d (webtiles) character file.

Game seed: 2595009194574365079

2387 qw the Chopper (level 9, -3/54 HPs)
             Began as a Gargoyle Fighter on Sept 30, 2022.
             Was a Believer of Okawaru.
             Killed from afar by a lindwurm (22 damage)
             ... with a blast of flame
             ... on level 8 of the Dungeon.
             The game lasted 00:02:46 (6689 turns).

qw the Chopper (Gargoyle Fighter)                   Turns: 6689, Time: 00:02:47

Health: -3/54      AC: 36    Str: 25    XL:     9   Next: 46%
Magic:  12/12      EV:  8    Int:  8    God:    Okawaru [**....]
Gold:   253        SH: 13    Dex:  9    Spells: 8/8 levels left

rFire   . . .      SeeInvis +    m - +3 war axe
rCold   . . .      Faith    .    l - +2 kite shield
rNeg    + . .      Spirit   .    p - +0 plate armour of Fualonuj {Stlth+}
rPois   inf        Reflect  .    n - +0 helmet
rElec   +          Harm     .    w - +1 cloak
rCorr   .          Rampage  .    g - +2 pair of gloves
Will    .....                    (no boots)
Stlth   ..........               (no amulet)
HPRegen 0.18/turn                a - ring of the Tortoise {AC+8}
MPRegen 0.13/turn                v - ring of see invisible

@: heroic
A: sickness immunity, AC +6, negative energy resistance 1, electricity
resistance, torment resistance 1, petrification resistance
a: Renounce Religion, Heroism


You were on level 8 of the Dungeon.
You worshipped Okawaru.
Okawaru was pleased with you.
You visited 2 branches of the dungeon, and saw 9 of its levels.

You collected 531 gold pieces.
You spent 278 gold pieces at shops.


Innate Abilities, Weirdness & Mutations

You are immune to sickness and miasma.
Your stone body is resilient. (AC +6)
You are immune to poison.
You resist negative energy. (rN+)
You are resistant to electric shocks. (rElec)
You are resistant to unholy torment.
You are immune to petrification.


   Skills:
 - Level 5.0(10.0) Fighting
 + Level 7.7(12.7) Axes
 - Level 2.0(7.0) Throwing
 - Level 5.1(10.1) Armour
 - Level 1.9(6.9) Dodging
 - Level 7.0(12.0) Shields
 - Level 4.1 Invocations


You had 8 spell levels left.
You didn't know any spells.
Your spell library was empty.

Inventory:

Hand Weapons
 e - a +3 flail
 j - the +10 whip "Ohuavul" {holy, rC+ Str+2 Int+4}
   (You found it on level 5 of the Dungeon)

   It has been blessed by the Shining One to cause great damage to the undead
   and demons.
   Str:       It affects your strength (+2).
   Int:       It affects your intelligence (+4).
   rC:        It protects you from cold.
 m - a +3 war axe (weapon)
Missiles
 b - 2 javelins (quivered)
Armour
 g - a +2 pair of gloves (worn)
 l - a +2 kite shield (worn)
 n - a +0 helmet (worn)
 p - the +0 plate armour of Fualonuj (worn) {Stlth+}
   (You found it on level 3 of the Dungeon)

   Stlth:     It makes you more stealthy.
 w - a +1 cloak (worn)
Jewellery
 a - the ring of the Tortoise (left hand) {AC+8}
   (You acquired it on level 1 of the Dungeon)

   [ring of protection]

   AC:        It affects your AC (+8).
 o - a +6 ring of dexterity
 r - a ring of ice
 v - a ring of see invisible (right hand)
 Y - a ring of protection from fire
Scrolls
 h - 2 scrolls of teleportation
 i - 4 scrolls of identify
Potions
 c - a potion of curing
 d - 7 potions of might
 f - 3 potions of attraction
 k - a potion of lignification
 s - a potion of heal wounds
 t - a potion of haste
 u - 3 potions of magic

Dungeon Overview and Level Annotations

Branches:
Dungeon (8/15)             Temple (1/1) D:5
   Lair: D:8-11

Altars:
Ashenzari
Cheibriados
Elyvilon
Fedhas
Gozag
Hepliaklqana
Kikubaaqudgha
Makhleb
Nemelex Xobeh
Okawaru
Qazlal
Ru
Sif Muna
Trog
Uskayaw
Vehumet
Wu Jian
Xom
Zin
The Shining One

Shops:
D:2 !   D:7 =


Message History

You block the killer bee's attack. x2
You hit the killer bee.
You kill the killer bee!
Okawaru accepts your kill.
Things that are here:
a killer bee corpse; a killer bee corpse You feel like a meek peon again.
Found a war axe.
Enter note:
Enter note:
Enter note:
Enter note:
Enter note:
Enter note:
Enter note:
Enter note:
Enter note:
Enter note: The lindwurm roars!
You hear a roar! x2
Found a chain mail.
The lindwurm roars! x2; You hear a roar!
Enter note:
6675 ||| INVOKING Heroism.
You gain the combat prowess of a mighty hero.
The lindwurm breathes flames at you. The blast of flame hits you!
The lindwurm breathes flames at you. The blast of flame hits you.
The lindwurm breathes flames at you. The blast of flame hits you.
The lindwurm breathes flames at you.
The blast of flame hits you but does no damage.
The lindwurm breathes flames at you.
The blast of flame hits you but does no damage.
The lindwurm breathes flames at you. The blast of flame hits you!!
6689 ||| FLEEEEING.
The lindwurm breathes flames at you. The blast of flame hits you!!
You die...

#.# .# #.# ########.##
#.# #.........[ #.#
#......¤... #.#
#..$.....¤¤ #.#
#......~¤¤¤ #.#
#....~~¤¤¤~ #.##.# ##
##...~~~~¤¤~ #.##.# #.#
#..@~~~¤~~~~ #.##.# #.#
#...~¤~~~~.. #.##.#
#.###..~¤¤~~kk.#
##.##.####.#....¤~¤~~k.##
...##...........~¤¤¤k.#.)
#..##..###.....~¤¤¤¤.## )
...)>..........~¤~¤~¤#
k!# ¤~~
#..##.####.#....¤~¤¤¤.#
.#¤.¤~¤ #..##.#
#.#....~¤~~¤..# ##..~~~~


You could see 4 lindwurms.

Vanquished Creatures
  A steam dragon (D:6)
  A wyvern (D:7)
  A water moccasin (D:8)
  An orc warrior (D:6)
  3 ice beasts
  2 bullfrogs (D:7)
  A necrophage (D:7)
  A scorpion (D:4)
  5 wights (D:8)
  6 killer bees (D:8)
  2 howler monkeys (D:7)
  3 jellies
  2 orc priests (D:6)
  4 hounds
  A gnoll bouda (D:8)
  An iguana (D:5)
  8 orc wizards
  13 gnolls
  6 adders
  A white imp (D:6)
  2 ufetubi
  A worm (D:2)
  23 orcs
  6 bats
  4 endoplasms
  A giant cockroach (D:1)
  7 hobgoblins
  7 jackals
  2 quokkas
  4 ball pythons
  6 frilled lizards
  4 goblins
  8 kobolds
  2 rats (D:1)
140 creatures vanquished.

Notes
Turn   | Place    | Note
-------+----------+-------------------------------------------
     0 | D:1      | qw the Gargoyle Fighter began the quest for the Orb.
     0 | D:1      | Reached XP level 1. HP: 14/14 MP: 1/1
     0 | D:1      | 0 ||| qw: Version: 0.2-a-12-gaebbb33
     0 | D:1      | 0 ||| qw: Game counter: 1388
     0 | D:1      | 0 ||| qw: Always use a shield: true
     0 | D:1      | 0 ||| qw: God list: Okawaru
     0 | D:1      | 0 ||| qw: Allow faded altars: false
     0 | D:1      | 0 ||| qw: Do Orc after D:15 true
     0 | D:1      | 0 ||| qw: Do second Lair branch before Depths: true
     0 | D:1      | 0 ||| qw: Lair rune preference: random
     0 | D:1      | 0 ||| qw: Plans: Normal, Zot:1-4, God:TSO, Crypt, Tomb,
                  | Pan, Slime:5, Hells, Abyss, Orb
     0 | D:1      | 0 ||| PLANNING D:1-11
   226 | D:1      | Reached XP level 2. HP: 16/19 MP: 2/2
   283 | D:1      | 283 ||| Stepping ~*~*~tactically~*~*~ (stealth).
   409 | D:1      | 409 ||| DROPPING +0 club.
   483 | D:1      | 483 ||| Stepping ~*~*~tactically~*~*~ (stealth).
   798 | D:1      | Reached skill level 3 in Axes
   894 | D:1      | Reached XP level 3. HP: 23/23 MP: 3/3
   965 | D:1      | 965 ||| DROPPING +0 whip.
  1247 | D:1      | 1247 ||| UPGRADING to +0 pair of gloves.
  1252 | D:1      | 1252 ||| UPGRADING to +2 kite shield.
  1262 | D:1      | 1262 ||| DROPPING +0 buckler.
  1263 | D:1      | 1263 ||| READING scroll labelled QOUGRY APHOY.
  1264 | D:1      | 1264 ||| READING scroll labelled HUBBEGOCUO.
  1264 | D:1      | Identified a scroll of acquirement
  1264 | D:1      | 1264 ||| ACQUIRING ring of the Tortoise {AC+8}
  1264 | D:1      | Acquired the ring of the Tortoise {AC+8}
  1264 | D:1      | Found the ring of the Tortoise {AC+8}
  1266 | D:1      | 1266 ||| UPGRADING to ring of the Tortoise {AC+8}.
  1267 | D:1      | 1267 ||| READING scroll labelled BAQARPH SURISU.
  1268 | D:1      | 1268 ||| READING scroll labelled YRAPPE KOSYJI.
  1272 | D:1      | 1272 ||| READING scroll labelled REINAO POOB.
  1308 | D:2      | 1308 ||| STAIRDANCE
  1313 | D:2      | 1313 ||| STAIRDANCE
  1324 | D:2      | Found Odiucun's Distillery.
  1333 | D:2      | 1333 ||| BUYING potion of curing (42 gold).
  1333 | D:2      | Bought a potion of curing for 42 gold pieces
  1333 | D:2      | 1333 ||| SHOPLISTING potion of haste (140 gold, have 80).
  1333 | D:2      | 1333 ||| BUYING potion of might (56 gold).
  1333 | D:2      | Bought a potion of might for 56 gold pieces
  1333 | D:2      | 1333 ||| SHOPLISTING potion of might (56 gold, have 24).
  1333 | D:2      | 1333 ||| SHOPLISTING potion of resistance (140 gold, have
                  | 24).
  1714 | D:2      | Reached XP level 4. HP: 28/28 MP: 4/4
  1994 | D:2      | 1994 ||| UPGRADING to +6 ring of dexterity.
  1995 | D:2      | 1995 ||| READING scroll labelled QEITUMANIS.
  1996 | D:2      | 1996 ||| READING scroll labelled GINADA MIMO.
  2003 | D:3      | Found a faded altar of an unknown god.
  2258 | D:3      | Found a hide-covered altar of Uskayaw.
  2335 | D:3      | Identified the +0 plate armour of Fualonuj {Stlth+}
  2585 | D:3      | 2585 ||| UPGRADING to +0 plate armour of Fualonuj {Stlth+}.
  2595 | D:3      | 2595 ||| DROPPING +0 scale mail.
  2596 | D:3      | 2596 ||| READING 2 scrolls labelled QEIXAQ FIWUK.
  2597 | D:3      | 2597 ||| READING scroll of enchant weapon.
  2597 | D:3      | 2597 ||| ENCHANTING +1 war axe.
  2598 | D:3      | 2598 ||| READING scroll labelled XUSTROEFEIC.
  2599 | D:3      | 2599 ||| READING 2 scrolls of identify.
  2599 | D:3      | 2599 ||| IDENTIFYING fuming ruby potion
  2600 | D:3      | 2600 ||| DROPPING potion of magic.
  2740 | D:4      | 2740 ||| DROPPING +2 mace of draining.
  2788 | D:4      | 2788 ||| READING scroll of enchant weapon.
  2788 | D:4      | 2788 ||| ENCHANTING +2 war axe.
  2896 | D:4      | Reached XP level 5. HP: 32/32 MP: 5/5
  3108 | D:4      | Reached skill level 1 in Dodging
  3108 | D:4      | Reached XP level 6. HP: 35/37 MP: 6/6
  3264 | D:4      | 3264 ||| DRINKING 2 sedimented yellow potions.
  3265 | D:4      | 3265 ||| READING 4 scrolls of identify.
  3265 | D:4      | 3265 ||| IDENTIFYING silvery potion
  3266 | D:4      | 3266 ||| READING 3 scrolls of identify.
  3266 | D:4      | 3266 ||| IDENTIFYING inky potion
  3267 | D:4      | 3267 ||| READING 2 scrolls of identify.
  3267 | D:4      | 3267 ||| IDENTIFYING bubbling coppery potion
  3268 | D:4      | 3268 ||| DROPPING potion of invisibility.
  3309 | D:5      | Entered Level 5 of the Dungeon
  3315 | D:5      | Noticed an ice beast
  3328 | D:5      | Killed an ice beast
  3343 | D:5      | Identified the +10 whip "Ohuavul" {holy, rC+ Str+2 Int+4}
  3345 | D:5      | 3345 ||| DROPPING +0 flail.
  3448 | D:5      | Noticed an ice beast
  3460 | D:5      | HP: 7/37 [ice beast (14)]
  3461 | D:5      | 3461 ||| READING scroll of teleportation.
  3462 | D:5      | 3462 ||| DRINKING potion of heal wounds.
  3521 | D:5      | Found a staircase to the Ecumenical Temple.
  3522 | D:5      | 3522 ||| PLANNING TEMPLE
  3522 | D:5      | 3522 ||| READING scroll labelled JATRAO RERARI.
  3523 | D:5      | 3523 ||| READING 2 scrolls of identify.
  3523 | D:5      | 3523 ||| IDENTIFYING black potion
  3524 | D:5      | 3524 ||| DROPPING potion of brilliance.
  3531 | Temple   | Entered the Ecumenical Temple
  3575 | Temple   | 3575 ||| PLANNING OKAWARU WORSHIP
  3737 | Temple   | Became a worshipper of Warmaster Okawaru
  3738 | Temple   | 3738 ||| PLANNING D:1-11
  3765 | D:5      | Reached skill level 1 in Throwing
  3765 | D:5      | Reached XP level 7. HP: 41/41 MP: 7/7
  3802 | D:5      | 3802 ||| Stepping ~*~*~tactically~*~*~ (stealth).
  3971 | D:5      | 3971 ||| Stepping ~*~*~tactically~*~*~ (stealth).
  3986 | D:5      | 3986 ||| Stepping ~*~*~tactically~*~*~ (hiding).
  4559 | D:5      | 4559 ||| UPGRADING to +0 helmet.
  4564 | D:5      | 4564 ||| UPGRADING to ring of protection from fire.
  4566 | D:5      | 4566 ||| READING 2 scrolls labelled FUBAADGHE MAOSH.
  4631 | D:5      | 4631 ||| DROPPING scroll of torment.
  4733 | D:6      | 4733 ||| Stepping ~*~*~tactically~*~*~ (stealth).
  4735 | D:6      | 4735 ||| Stepping ~*~*~tactically~*~*~ (stealth).
  4737 | D:6      | 4737 ||| Stepping ~*~*~tactically~*~*~ (hiding).
  4772 | D:6      | 4772 ||| Stepping ~*~*~tactically~*~*~ (stealth).
  4773 | D:6      | Noticed a steam dragon
  4774 | D:6      | 4774 ||| Stepping ~*~*~tactically~*~*~ (hiding).
  4801 | D:6      | 4801 ||| Stepping ~*~*~tactically~*~*~ (stealth).
  4803 | D:6      | 4803 ||| Stepping ~*~*~tactically~*~*~ (hiding).
  4813 | D:6      | Killed a steam dragon
  4814 | D:6      | Reached skill level 6 in Axes
  4814 | D:6      | Reached XP level 8. HP: 48/48 MP: 8/8
  4825 | D:6      | 4825 ||| Stepping ~*~*~tactically~*~*~ (hiding).
  4826 | D:6      | 4826 ||| Stepping ~*~*~tactically~*~*~ (hiding).
  4828 | D:6      | 4828 ||| Stepping ~*~*~tactically~*~*~ (hiding).
  4829 | D:6      | 4829 ||| Stepping ~*~*~tactically~*~*~ (hiding).
  4831 | D:6      | 4831 ||| Stepping ~*~*~tactically~*~*~ (hiding).
  4833 | D:6      | 4833 ||| Stepping ~*~*~tactically~*~*~ (hiding).
  4835 | D:6      | Reached skill level 6 in Shields
  4840 | D:6      | 4840 ||| DRINKING 4 potions of curing.
  4840 | D:6      | 4840 ||| (to cure confusion)
  4842 | D:6      | Reached * piety under Okawaru
  4843 | D:6      | 4843 ||| INVOKING Heroism.
  4845 | D:6      | 4845 ||| DRINKING 3 potions of curing.
  4845 | D:6      | 4845 ||| (to cure confusion)
  4853 | D:6      | 4853 ||| INVOKING Heroism.
  4863 | D:6      | 4863 ||| INVOKING Heroism.
  4871 | D:6      | Reached skill level 1 in Invocations
  4889 | D:6      | 4889 ||| FLEEEEING.
  4896 | D:6      | 4896 ||| STAIRDANCE
  4970 | D:5      | 4970 ||| UPGRADING to +2 pair of gloves.
  4980 | D:5      | 4980 ||| DROPPING +0 pair of gloves.
  5003 | D:6      | 5003 ||| Stepping ~*~*~tactically~*~*~ (stealth).
  5017 | D:6      | 5017 ||| Stepping ~*~*~tactically~*~*~ (stealth).
  5207 | D:6      | 5207 ||| Stepping ~*~*~tactically~*~*~ (stealth).
  5318 | D:6      | 5318 ||| DRINKING 2 dark potions.
  5319 | D:6      | 5319 ||| READING 5 scrolls of identify.
  5319 | D:6      | 5319 ||| IDENTIFYING emerald potion
  5320 | D:6      | 5320 ||| READING 4 scrolls of identify.
  5320 | D:6      | 5320 ||| IDENTIFYING pink potion
  5321 | D:6      | 5321 ||| DROPPING potion of flight.
  5322 | D:6      | 5322 ||| DROPPING potion of berserk rage.
  5362 | D:7      | Found Unyddaxt's Jewellery Boutique.
  5371 | D:7      | 5371 ||| SHOPLISTING +4 ring of evasion (432 gold, have
                  | 338).
  5371 | D:7      | 5371 ||| SHOPLISTING amulet of reflection (360 gold, have
                  | 338).
  5371 | D:7      | 5371 ||| BUYING ring of see invisible (180 gold).
  5371 | D:7      | Bought a ring of see invisible for 180 gold pieces
  5517 | D:7      | Reached skill level 3 in Invocations
  5645 | D:7      | Noticed a wyvern
  5648 | D:7      | 5648 ||| Stepping ~*~*~tactically~*~*~ (stealth).
  5653 | D:7      | 5653 ||| INVOKING Heroism.
  5654 | D:7      | Killed a wyvern
  5668 | D:7      | Reached ** piety under Okawaru
  5900 | D:7      | Reached XP level 9. HP: 54/54 MP: 12/12
  6124 | D:7      | 6124 ||| UPGRADING to +1 cloak.
  6129 | D:7      | 6129 ||| DROPPING ring of magical power.
  6130 | D:7      | 6130 ||| DROPPING ring of flight.
  6131 | D:7      | 6131 ||| UPGRADING to ring of see invisible.
  6191 | D:8      | Noticed a lindwurm
  6191 | D:8      | Noticed a lindwurm
  6192 | D:8      | 6192 ||| INVOKING Heroism.
  6193 | D:8      | Noticed a lindwurm
  6196 | D:8      | Noticed a lindwurm
  6244 | D:8      | 6244 ||| INVOKING Heroism.
  6345 | D:8      | 6345 ||| INVOKING Heroism.
  6348 | D:8      | 6348 ||| DRINKING 2 potions of curing.
  6348 | D:8      | 6348 ||| (to cure confusion)
  6462 | D:8      | 6462 ||| Stepping ~*~*~tactically~*~*~ (hiding).
  6464 | D:8      | 6464 ||| Stepping ~*~*~tactically~*~*~ (hiding).
  6465 | D:8      | 6465 ||| Stepping ~*~*~tactically~*~*~ (hiding).
  6467 | D:8      | 6467 ||| INVOKING Heroism.
  6563 | D:8      | 6563 ||| INVOKING Heroism.
  6588 | D:8      | 6588 ||| INVOKING Heroism.
  6675 | D:8      | 6675 ||| INVOKING Heroism.
  6689 | D:8      | 6689 ||| FLEEEEING.
  6689 | D:8      | Killed from afar by a lindwurm

Levels and vault maps discovered:
D:1:      scummos_arrival_forest, layout_loops_corners, serial_aquarium,
          aquarium_bridge_long_joined [aquarium_subvault_bridge,
          aquarium_subvault_wall, aquarium_subvault_balcony,
          aquarium_subvault_wall, aquarium_subvault_bridge,
          aquarium_subvault_window], aquarium_bridge_straight
          [aquarium_subvault_bridge, aquarium_subvault_balcony,
          aquarium_subvault_bridge, aquarium_subvault_balcony],
          aquarium_window_corner, aquarium_window_fake, aquarium_window_fake,
          aquarium_window_2, aquarium_view_2a, aquarium_view_2a,
          aquarium_balcony_5a, aquarium_pool_side, glass_columns_a,
          minmay_tall_x
D:2:      layout_basic, serial_shops, shop, serial_forest,
          infiniplex_forest_zigzag_1, infiniplex_forest_clump_double,
          infiniplex_forest_corner_2, infiniplex_forest_straight_1,
          infiniplex_forest_straight_3
D:3:      layout_loops_ring, general_overflow_altar, basic_ecumenical_altar
D:4:      layout_loops_cross, kennysheep_nub
D:5:      dreamdust_elfheim, layout_basic, temple_green, chequers_arboretum
D:6:      layout_rooms
D:7:      layout_basic, serial_shops, nicolae_lakefront_shop, chequers_jeans
D:8:      layout_basic, serial_glass, glass_columns_c, glass_columns_a,
          kennysheep_flooded_box, minmay_lindwurm_lava
Temple:   nicolae_temple_bog_church

Skill      XL: |  1  2  3  4  5  6  7  8  9 |
---------------+----------------------------+-----
Axes           | 2 3 4 6 7 |  7.7
Shields        | 4 5 6 7 |  7.0
Dodging        | 1 |  1.9
Throwing       | 1 2 |  2.0
Fighting       | 4 5 |  5.0
Armour         | 4 5 |  5.1
Invocations    | 4 |  4.1

Action                   |  1- 3 |  4- 6 |  7- 9 || total
-------------------------+-------+-------+-------++-------
Melee: War axe           |   110 |    98 |   194 ||   402
Throw: Boomerang         |    26 |    26 |       ||    52
       Javelin           |       |       |    29 ||    29
Invok: Heroism           |       |       |    11 ||    11
  Use: Scroll            |     5 |    13 |     3 ||    21
       Potion            |       |     2 |     4 ||     6
Armor: Scale mail        |    57 |     9 |       ||    66
       Plate armour      |       |    57 |    97 ||   154
Dodge: Dodged            |    62 |    24 |    40 ||   126
Block: Buckler           |    11 |       |       ||    11
       Kite shield       |    15 |    51 |   124 ||   190

Table legend:
 A = Non-vault XP
 B = Vault XP
 C = Vault XP percentage of total XP
 D = Non-vault monster count
 E = Vault monster count
 F = Vault count percentage of total count
                 A         B        C        D         E       F
            +---------+---------+-------+---------+---------+-------
      Total |    3405 |       6 |   0.2 |     136 |       4 |   2.9
            +---------+---------+-------+---------+---------+-------
        D:1 |      55 |       6 |   9.8 |      28 |       4 |  12.5
        D:2 |      32 |       0 |   0.0 |      11 |       0 |   0.0
        D:3 |      18 |       0 |   0.0 |       9 |       0 |   0.0
        D:4 |     243 |       0 |   0.0 |      15 |       0 |   0.0
        D:5 |     552 |       0 |   0.0 |      14 |       0 |   0.0
        D:6 |     757 |       0 |   0.0 |      25 |       0 |   0.0
        D:7 |     713 |       0 |   0.0 |      12 |       0 |   0.0
        D:8 |    1035 |       0 |   0.0 |      22 |       0 |   0.0
            +---------+---------+-------+---------+---------+-------
